 Dungeon Crawl Stone Soup version 0.29-a0-334-gb41bcbb86e (webtiles) character file.

Game seed: 15116917316187605362

358 bande the Covered (level 6, -1/38 HPs)
             Began as a Gargoyle Fighter on Apr 16, 2022.
             Slain by a killer bee (4 damage)
             ... on level 7 of the Dungeon.
             The game lasted 00:06:47 (4792 turns).

bande the Covered (Gargoyle Fighter)                Turns: 4792, Time: 00:06:48

Health: -1/38      AC: 11    Str: 19    XL:     6   Next: 64%
Magic:  6/6        EV: 13    Int:  9    God:
Gold:   209        SH:  9    Dex: 11    Spells: 5/5 levels left

rFire   . . .      SeeInvis .   a - +0 war axe
rCold   . . .      Faith    .   c - +0 buckler
rNeg    + . .      Spirit   .   b - +0 scale mail
rPois   ∞          Reflect  +   (no helmet)
rElec   +          Harm     .   (no cloak)
rCorr   .          Rampage  .   (no gloves)
Will    +....                   (no boots)
Stlth   ..........              t - amulet of reflection
HPRegen 0.12/turn               e - +4 ring of evasion
MPRegen 0.10/turn               i - ring of willpower

@: mighty
A: sickness immunity, AC +4, negative energy resistance 1, electricity
resistance, torment resistance 1, petrification resistance
a: no special abilities


You were on level 7 of the Dungeon.
You visited 1 branch of the dungeon, and saw 5 of its levels.

You collected 209 gold pieces.

Inventory:

Hand Weapons
 a - a +0 war axe (weapon)
 j - a +0 flail
Missiles
 l - 2 throwing nets (quivered)
Armour
 b - a +0 scale mail (worn)
 c - a +0 buckler (worn)
Jewellery
 e - a +4 ring of evasion (left hand)
 g - a ring of ice
 h - a ring of flight
 i - a ring of willpower (right hand)
 r - a ring of fire
 s - a +6 ring of strength
 t - an amulet of reflection (around neck)
Scrolls
 m - a scroll of magic mapping
 p - 2 scrolls of identify
Potions
 f - 2 potions of brilliance
 k - a potion of heal wounds
 n - a potion of lignification {unknown}
 o - a potion of mutation {unknown}
 q - a potion of curing {unknown}


   Skills:
 + Level 4.2 Fighting
 + Level 4.5 Axes
 + Level 4.9 Armour
 + Level 4.0 Shields


You had 5 spell levels left.
You didn't know any spells.
Your spell library contained the following spells:

 Spells                   Type           Power      Damage    Failure   Level
 Animate Skeleton         Necr           0%         N/A       83%         1
 Pain                     Necr           0%         1d4       83%         1
 Vampiric Draining        Necr           0%         2d6       99%         3
 Fireball                 Conj/Fire      0%         3d3       100%        5
 Iskenderun's Battlesphe  Conj           0%         2d6       100%        5
 Conjure Ball Lightning   Conj/Air       0%         3x3d6     100%        6
 Orb of Destruction       Conj           0%         9d5       100%        7


Dungeon Overview and Level Annotations

Branches:
Dungeon (4/15)
 Temple: D:4-7

Altars:
Gozag
Hepliaklqana
The Shining One

Annotations:
D:7 Joseph


Innate Abilities, Weirdness & Mutations

You are immune to sickness and miasma.
Your stone body is resilient. (AC +4)
You are immune to poison.
You resist negative energy. (rN+)
You are resistant to electric shocks. (rElec)
You are resistant to unholy torment.
You are immune to petrification.


Message History

You hit the killer bee but do no damage.
You miss the killer bee. You block the killer bee's attack.
The killer bee misses you. The killer bee barely misses you.
A killer bee comes into view.
The killer bee closely misses you. The killer bee barely misses you.
The killer bee misses you. x2; The killer bee barely misses you.
The killer bee stings you.
Unknown command.
You miss the killer bee. You closely miss the killer bee.
The killer bee buzzes angrily.
You slash the killer bee!
The killer bee stings you but does no damage. x2
The killer bee closely misses you.
Joseph says, "You will never get the ORB, sorry."
The killer bee misses you. The killer bee completely misses you.
The killer bee stings you but does no damage.
You feel very mighty all of a sudden. The killer bee stings you.
You block the killer bee's attack. x2
The killer bee stings you but does no damage.
The killer bee closely misses you.
The killer bee stings you but does no damage.
You closely miss the killer bee. You miss the killer bee.
You barely miss the killer bee. The killer bee barely misses you.
The killer bee stings you but does no damage.
The killer bee misses you. The killer bee closely misses you.
The killer bee barely misses you. The killer bee closely misses you.
The killer bee stings you but does no damage.
You block the killer bee's attack.
You closely miss the killer bee. You slash the killer bee!
You closely miss the killer bee. You miss the killer bee.
The killer bee barely misses you. You block the killer bee's attack.
The killer bee stings you. x2
The killer bee stings you but does no damage.
The killer bee closely misses you. The killer bee stings you!
* * * LOW HITPOINT WARNING * * *
The killer bee stings you.
* * * LOW HITPOINT WARNING * * *
The killer bee stings you but does no damage.
The killer bee stings you.
You die...

#.........##..####
#....##.#..#..#
#....##.#..####
#.......#..#
#.......####
#.......#..# .
#....#..#..# ...
#....##.#yy#y....
##### #..@y@y...#
#...y##....#
#...$.# ...
#.....# . #.....#
##...## #####


You could see Joseph and 6 killer bees.

Vanquished Creatures
  A water moccasin (D:7)
  A bullfrog (D:4)
  An orc wizard (D:3)
  Terence (D:2)
  7 adders
  3 worms
  2 dart slugs (D:1)
  4 orcs (D:3)
  4 endoplasms
  A giant cockroach (D:1)
  6 goblins
  3 hobgoblins
  3 jackals (D:2)
  A quokka (D:1)
  4 ball pythons
  8 bats
  10 frilled lizards
  7 kobolds
  3 rats
70 creatures vanquished.

Vanquished Creatures (others)
  7 plants (D:1)
7 creatures vanquished.

Grand Total: 77 creatures vanquished

Notes
Turn   | Place    | Note
-------+----------+-------------------------------------------
     0 | D:1      | bande the Gargoyle Fighter began the quest for the Orb.
     0 | D:1      | Reached XP level 1. HP: 14/14 MP: 1/1
   271 | D:1      | Reached XP level 2. HP: 5/19 MP: 2/2
  1224 | D:1      | Found a faded altar of an unknown god.
  1322 | D:1      | Reached XP level 3. HP: 24/24 MP: 3/3
  1872 | D:2      | Reached XP level 4. HP: 19/29 MP: 4/4
  2312 | D:2      | Noticed Terence
  2330 | D:2      | Killed Terence
  2331 | D:2      | Reached XP level 5. HP: 14/33 MP: 5/5
  2740 | D:3      | Found an opulent altar of Gozag.
  3409 | D:3      | Found a glowing golden altar of the Shining One.
  4283 | D:4      | Reached XP level 6. HP: 32/38 MP: 6/6
  4354 | D:4      | You fall into a shaft and drop 3 floors!
  4354 | D:7      | Found a hazy altar of Hepliaklqana.
  4368 | D:7      | Noticed a water moccasin
  4390 | D:7      | Killed a water moccasin
  4784 | D:7      | Noticed Joseph
  4792 | D:7      | Slain by a killer bee

Illustrated notes

Levels and vault maps discovered:
D:1:      evilmike_arrival_fibonacci_small, layout_basic,
          shapermc_ecumenical_altar_mp_vishouse, chequers_serial_rivers_small_b,
          minmay_lizard_king
D:2:      layout_rooms, uniq_terence
D:3:      layout_basic, general_overflow_altar, nicolae_gozag_seed_capital
D:4:      layout_gridville, small_statue_intersection
D:7:      lemuel_insect_pit, layout_gridville, nicolae_hepliaklqana_hazy_memory,
          hangedman_abyss_or_decor_stagger, uniq_joseph, uniq_crazy_yiuf_cottage

Skill      XL: |  1  2  3  4  5  6 |
---------------+-------------------+-----
Axes           | 2 3 4 |  4.5
Fighting       | 4 |  4.2
Armour         | 4 |  4.9
Shields        | 4 |  4.0

Action                   |  1- 3 |  4- 6 || total
-------------------------+-------+-------++-------
Melee: War axe           |   107 |   130 ||   237
  Use: Scroll            |     2 |     4 ||     6
       Potion            |       |     1 ||     1
Armor: Scale mail        |    81 |    51 ||   132
Dodge: Dodged            |    69 |    91 ||   160
Block: Buckler           |    22 |    36 ||    58

Table legend: (Time is in decaauts)
 A = Elapsed time spent in this place.
 B = Non-inter-level travel time spent in this place.
 C = Inter-level travel time spent in this place.
 D = Time resting spent in this place.
 E = Time spent auto-exploring this place.
 F = Levels seen in this place.
 G = Mean time per level.
                   A        B        C        D        E       F      G
               +--------+--------+--------+--------+--------+-----+--------+
         Total |   4880 |   4652 |    228 |   1426 |   2573 |   5 |  976.0 |
       Dungeon |   4880 |   4652 |    228 |   1426 |   2573 |   5 |  976.0 |
               +--------+--------+--------+--------+--------+-----+--------+

Top non-repeatable levels by time:
     D:1: 1536 daAuts
     D:3: 1377 daAuts
     D:2: 1200 daAuts
     D:7: 445 daAuts
     D:4: 320 daAuts
